 Dungeon Crawl Stone Soup version 0.31-b1-17-gcfd88c8481 (webtiles) character file.

Game seed: 2467612821620044110

21 NotreDorf the Magician (level 2, -1/21 HPs)
             Began as a Mummy Hedge Wizard on Jan 15, 2024.
             Slain by a kobold
             ... wielding a +0 club
              (4 damage)
             ... on level 2 of the Dungeon.
             The game lasted 00:04:07 (1135 turns).

NotreDorf the Magician (Mummy Hedge Wizard)         Turns: 1135, Time: 00:04:07

Health: -1/21      AC:  2    Str: 13    XL:     2   Next: 62%
Magic:  5/7        EV:  6    Int: 13    God:
Gold:   94         SH:  0    Dex: 17    Spells: 4/9 levels left

rFire   x . .        a - +0 dagger
rCold   + . .        (no shield)
rNeg    + + +        b - +0 robe
rPois   ∞            c - +0 hat
rElec   .            (no cloak)
rCorr   .            (no gloves)
SInv    +            (no boots)
Will    .....        (no amulet)
Stlth   ++           g - ring of see invisible
HPRegen 0.23/turn    e - +6 ring of dexterity
MPRegen 0.10/turn

%: faith
@: held
A: cold resistance 1, negative energy resistance 3, torment resistance 2, heat
vulnerability 1, in touch with death 1, no potions, faith
a: no special abilities


You were on level 2 of the Dungeon.
You visited 1 branch of the dungeon, and saw 2 of its levels.

You collected 94 gold pieces.

Inventory:

Hand Weapons
 a - a +0 dagger (weapon)
Missiles
 f - 4 poisoned darts
Armour
 b - a +0 robe (worn)
 c - a +0 hat (worn)
Jewellery
 e - a +6 ring of dexterity (right hand)
 g - a ring of see invisible (left hand)
Scrolls
 d - a scroll of summoning {unknown}


   Skills:
 + Level 1.0 Fighting
 + Level 1.9 Dodging
 - Level 1.5 Stealth
 + Level 4.3 Spellcasting
 + Level 1.2 Conjurations
 - Level 0.7 Summonings
 - Level 0.7 Translocations


You had 4 spell levels left.
You knew the following spells:

 Your Spells              Type           Power      Damage    Failure   Level
a - Magic Dart            Conj           20%        1d4       12%         1
b - Blink                 Tloc           8%         N/A       22%         2
c - Call Imp              Summ           8%         N/A       22%         2

Your spell library contained the following spells:

 Spells                   Type           Power      Damage    Failure   Level
 Slow                     Hex            8%         N/A       21%         1
 Cigotuvi's Dreadful Rot  Necr/Alch/Air  8%         N/A       30%         2
 Mephitic Cloud           Conj/Alch/Air  3%         N/A       45%         3
 Tukima's Dance           Hex            2%         N/A       52%         3
 Passage of Golubria      Tloc           4%         N/A       83%         4
 Yara's Violent Unravell  Hex/Alch       1%         3d3       99%         5


Dungeon Overview and Level Annotations

Branches:
Dungeon (2/15)

Altars:

Annotations:
D:2 Sigmund


Innate Abilities, Weirdness & Mutations

You are immune to poison.
Your flesh is cold resistant. (rC+)
You are immune to negative energy. (rN+++)
You are immune to unholy pain and torment.
You are vulnerable to heat. (rF-)
You are in touch with the powers of death.
You do not drink.
You have a special connection with the divine. (Faith)


Message History

The puff of flame hits you! The fire burns you terribly!
The ribbon worm expels a string of sticky webbing.
The stream of webbing hits you but does no damage.
You are caught in a web!
There is a web here.
You struggle to detach yourself from the web.
Sigmund casts a spell at you. The magic dart hits you.
The web tears apart.
Sigmund casts a spell at you.
You are confused.
The ribbon worm expels a string of sticky webbing.
The stream of webbing hits you but does no damage.
You are caught in a web!
The kobold throws a stone.
The stone hits you but does no damage.
There is a web here.
The web tears apart.
Sigmund breathes a few words.
Sigmund's hands start flickering wildly.
The kobold throws a stone.
The stone closely misses you.
You're too confused to move!
The ribbon worm expels a string of sticky webbing.
The stream of webbing hits you but does no damage.
You are caught in a web!
You struggle to detach yourself from the web.
The kobold hits you with a +0 club.
The web tears apart.
You feel less confused. The kobold hits you but does no damage.
Sigmund gestures at you while chanting. The magic dart hits you.
* * * LOW HITPOINT WARNING * * *
The ribbon worm bites you.
* * * LOW HITPOINT WARNING * * *
Sigmund misses you.
The ribbon worm expels a string of sticky webbing.
The stream of webbing hits you but does no damage.
You are caught in a web!
The kobold attacks as it pursues you! The kobold hits you with a +0 club.
You die...

#[........## .
#####.#.#.#.#..#.#####
...............#.....#
#####.#.#.#.#....###.#
#..........#.#§#.#
#.#.#.#.#..#.###.#
#...@w............
#####K###.....#### #@#
##.#### #.# #.# #.#
..# #.# #^^ #.#.# ^_
#.#.##.. #.#.##.#
#.#.##.# #.#.##.#


You could see Sigmund (invisible), a ribbon worm (catching breath) and a kobold.

Vanquished Creatures
  A dart slug (D:1)
  4 bats (D:1)
  An endoplasm (D:1)
  A goblin (D:1)
  2 hobgoblins
  2 quokkas (D:1)
  2 ball pythons (D:1)
  2 frilled lizards (D:1)
  A kobold (D:1)
  2 rats (D:1)
18 creatures vanquished.

Notes
Turn   | Place    | Note
-------+----------+-------------------------------------------
     0 | D:1      | NotreDorf the Mummy Hedge Wizard began the quest for the
                  | Orb.
     0 | D:1      | Reached XP level 1. HP: 13/13 MP: 5/5
   345 | D:1      | Reached skill level 1 in Conjurations
   397 | D:1      | Reached XP level 2. HP: 20/20 MP: 1/7
   928 | D:1      | Learned a level 2 spell: Blink
   931 | D:1      | Learned a level 2 spell: Call Imp
   966 | D:2      | Reached skill level 1 in Fighting
  1100 | D:2      | Found a faded altar of an unknown god.
  1114 | D:2      | Noticed Sigmund
  1135 | D:2      | Slain by a kobold

Illustrated notes

Levels and vault maps discovered:
D:1:      scummos_arrival_simple_crosswalls, layout_rooms
D:2:      layout_basic, serial_glass, glass_columns_a, glass_columns_c,
          glass_columns_b, glass_columns_a, glass_columns_a, glass_columns_c,
          glass_columns_b, glass_columns_b, glass_columns_a, glass_columns_a,
          feat_on_display, ebering_ecumenical_altar_webs, basic_altar,
          uniq_sigmund

Skill      XL: |  1  2 |
---------------+-------+-----
Conjurations   | 1 |  1.2
Fighting       | 1 |  1.0
Dodging        | |  1.9
Stealth        | |  1.5
Spellcasting   | |  4.3
Summonings     | |  0.7
Translocations | |  0.7

Action                     || total
---------------------------++-------
  Melee: Dagger            ||    13
   Cast: Magic Dart        ||    51
 Armour: Robe              ||    21
  Dodge: Dodged            ||    17
